[Event "Titled Tuesday Blitz August 08 Early 2023"]
[White "Preobrazhenska_D2011"]
[Black "slidingknight2775"]
[WhiteElo "2182"]
[BlackElo "2461"]
[Result "0-1"]
[Round "2"]
[TimeControl "180+1"]
[Date "2023.08.08"]
[WhiteClock "0:00:00"]
[BlackClock "0:00:09"]
[Board "246"]

1. e4 c6 2. d4 d5 3. exd5 cxd5 4. Nf3 Nc6 5. c4 e6 6. Nc3 Nf6 7. c5 Ne4 8. Qc2 f5 9. Bb5 Be7 10. Ne5 Bd7 11. Bxc6 bxc6 12. O-O O-O 13. b4 Bf6 14. f3 Nxc3 15. Qxc3 Bxe5 16. dxe5 Bc8 17. Rd1 Ba6 18. a4 Qh4 19. Rd4 Qe7 20. Be3 Bc4 21. Qd2 h6 22. f4 Rab8 23. Rb1 a6 24. Qc3 Rb7 25. Rxc4 dxc4 26. Qxc4 Rfb8 27. Bd2 Qd7 28. Bc3 a5 29. b5 cxb5 30. axb5 Rxb5 31. Re1 Qc6 32. Bd4 Rb1 33. Rxb1 Rxb1+ 34. Kf2 Kh7 35. Qc2 Rb4 36. Be3 Re4 37. Qa2 a4 38. Qa3 Qb5 39. Qa2 Qb3 40. Qe2 a3 41. Qd2 Qxe3+ 42. Qxe3 Rxe3 43. Kxe3 a2 44. c6 a1=Q 45. c7 Qa8 0-1


[Site "https://www.chess.com"]

[Event "Titled Tuesday Blitz August 08 Early 2023"]
[White "Lima, Kleyton Alcantara"]
[Black "Araujo Filho, Luiz Antonio Coel"]
[WhiteFideId "22718397"]
[BlackFideId "2130661"]
[WhiteElo "2458"]
[BlackElo "2171"]
[Result "1-0"]
[Round "2"]
[TimeControl "180+1"]
[Date "2023.08.08"]
[WhiteClock "0:00:47"]
[BlackClock "0:00:00"]
[Board "247"]

1. d4 f5 2. g3 Nf6 3. Bg2 g6 4. Nf3 Bg7 5. O-O O-O 6. b3 d6 7. Bb2 Nc6 8. c4 Qe8 9. d5 Nb8 10. Nc3 c5 11. Re1 Ne4 12. Qc2 Nxc3 13. Bxc3 Bxc3 14. Qxc3 Qf7 15. Ng5 Qf6 16. Qxf6 exf6 17. Ne6 Bxe6 18. dxe6 Nc6 19. e4 f4 20. gxf4 Rfe8 21. f5 Nd4 22. Rad1 gxf5 23. exf5 Nxf5 24. Bxb7 Rab8 25. Bc6 Re7 26. Be4 Nd4 27. Bd5 Kg7 28. f4 f5 29. Kf2 Kf6 30. Re3 Rbe8 31. Rh3 Nxe6 32. Bxe6 Rxe6 33. Rh6+ Kg7 34. Rxe6 Rxe6 35. Kf3 Kf6 36. a3 a6 37. b4 cxb4 38. axb4 Ke7 39. Rd5 Re4 40. c5 dxc5 41. bxc5 Ke6 42. Rd6+ Kf7 43. Rxa6 Rc4 44. c6 Rc3+ 45. Kf2 h5 46. Ra7+ Ke6 47. c7 Kd7 48. Kg2 1-0


[Site "https://www.chess.com"]

[Event "Titled Tuesday Blitz August 08 Early 2023"]
[White "Mmukka"]
[Black "Mirzanurov, Bulat"]
[BlackFideId "4184521"]
[WhiteElo "2457"]
[BlackElo "2168"]
[Result "1-0"]
[Round "2"]
[TimeControl "180+1"]
[Date "2023.08.08"]
[WhiteClock "0:00:13"]
[BlackClock "0:00:11"]
[Board "248"]

1. e4 c5 2. Nf3 d6 3. d4 cxd4 4. Nxd4 Nf6 5. Nc3 a6 6. h3 e5 7. Nde2 h5 8. g3 Be6 9. Bg2 Be7 10. O-O Nbd7 11. a4 O-O 12. Be3 Qc7 13. a5 Nc5 14. Nd5 Nxd5 15. exd5 Bf5 16. c3 Qd7 17. Kh2 Ne4 18. f3 Nf6 19. f4 exf4 20. Nxf4 g6 21. Bd4 Rfe8 22. b4 Rac8 23. Ra2 Be4 24. Raf2 Bxg2 25. Kxg2 Ne4 26. Rf3 Bf8 27. Re3 Bg7 28. Rfe1 Nf6 29. Qf3 Rxe3 30. Rxe3 Re8 31. Rxe8+ Qxe8 32. c4 Qa4 33. Nd3 Qc2+ 34. Nf2 Nd7 35. Bxg7 Kxg7 36. Qe4 Ne5 37. c5 Qxe4+ 38. Nxe4 dxc5 39. Nxc5 Kf8 40. Nxb7 Nd3 41. b5 Nb4 42. b6 Nxd5 43. Nc5 Ne7 44. b7 Nc6 45. Nxa6 Ke7 46. b8=Q Nxb8 47. Nxb8 1-0


[Site "https://www.chess.com"]

[Event "Titled Tuesday Blitz August 08 Early 2023"]
[White "cycygogne"]
[Black "Reprintsev, Alexander"]
[BlackFideId "14100541"]
[WhiteElo "2168"]
[BlackElo "2457"]
[Result "0-1"]
[Round "2"]
[TimeControl "180+1"]
[Date "2023.08.08"]
[WhiteClock "0:00:34"]
[BlackClock "0:01:25"]
[Board "249"]

1. e4 d5 2. exd5 Qxd5 3. Nc3 Qd6 4. d4 c6 5. Nf3 Bf5 6. g3 e6 7. Bg2 Nd7 8. O-O Qc7 9. Bf4 Bd6 10. Bxd6 Qxd6 11. Re1 Ngf6 12. Ne5 Nxe5 13. dxe5 Qxd1 14. Raxd1 Nd5 15. Nxd5 cxd5 16. c4 dxc4 17. Bxb7 Rb8 18. Bc6+ Kf8 19. Rd7 g5 20. Rxa7 Rxb2 21. a4 c3 22. a5 c2 23. Rb7 Ra2 24. Rb8+ Kg7 25. Rxh8 Kxh8 26. Kf1 Rxa5 27. f4 Rc5 0-1


[Site "https://www.chess.com"]

[Event "Titled Tuesday Blitz August 08 Early 2023"]
[White "Jodorcovsky Werjivker, Paulo"]
[Black "Ronka, Erik"]
[WhiteFideId "3700305"]
[BlackFideId "505080"]
[WhiteElo "2167"]
[BlackElo "2455"]
[Result "1-0"]
[Round "2"]
[TimeControl "180+1"]
[Date "2023.08.08"]
[WhiteClock "0:02:07"]
[BlackClock "0:02:17"]
[Board "250"]

1. d4 Nf6 2. c4 e6 3. Nc3 Bb4 4. f3 O-O 5. a3 Bxc3+ 6. bxc3 b6 7. e4 Ne8 8. f4 Ba6 9. Nf3 Nc6 10. Bd3 Na5 11. Qe2 d5 12. cxd5 Bxd3 13. Qxd3 exd5 14. e5 c5 15. O-O c4 16. Qf5 g6 17. Qh3 f5 18. Ng5 Qe7 19. Qf3 Rd8 20. a4 h6 21. Ba3 Qd7 22. e6 1-0


[Site "https://www.chess.com"]

[Event "Titled Tuesday Blitz August 08 Early 2023"]
[White "Mammadzada, Gunay"]
[Black "Baruch, Liam"]
[WhiteFideId "13403729"]
[BlackFideId "14322064"]
[WhiteElo "2453"]
[BlackElo "2167"]
[Result "1-0"]
[Round "2"]
[TimeControl "180+1"]
[Date "2023.08.08"]
[WhiteClock "0:01:44"]
[BlackClock "0:01:59"]
[Board "251"]

1. e4 e5 2. Nf3 Nc6 3. Bb5 a6 4. Ba4 Nf6 5. O-O b5 6. Bb3 Bc5 7. c3 d6 8. a4 Rb8 9. d4 Bb6 10. a5 Ba7 11. Be3 Bg4 12. Nbd2 exd4 13. cxd4 Nxd4 14. Bxd4 Bxd4 15. Bxf7+ Kxf7 16. Qb3+ Be6 17. Ng5+ Kg6 18. Nxe6 Qe7 19. Nxd4 Qf7 20. Qg3+ Kh6 21. Nf5+ Kh5 22. f4 h6 23. Nxg7+ 1-0


[Site "https://www.chess.com"]

[Event "Titled Tuesday Blitz August 08 Early 2023"]
[White "Rios Escobar, Adan"]
[Black "Tarnowska, Aleksandra"]
[WhiteFideId "3403645"]
[BlackFideId "1180967"]
[WhiteElo "2450"]
[BlackElo "2161"]
[Result "1-0"]
[Round "2"]
[TimeControl "180+1"]
[Date "2023.08.08"]
[WhiteClock "0:01:07"]
[BlackClock "0:00:06"]
[Board "252"]

1. d4 d5 2. c4 e6 3. Nf3 Nf6 4. g3 Be7 5. Bg2 O-O 6. O-O b6 7. cxd5 exd5 8. Nc3 Nbd7 9. Bf4 Bb7 10. Rc1 c6 11. Qb3 Ne4 12. Rfd1 Ndf6 13. Ne5 Rc8 14. a4 Bd6 15. a5 Re8 16. Nxe4 Nxe4 17. Bxe4 dxe4 18. Qxf7+ Kh8 19. Qxb7 Re7 20. Nf7+ Rxf7 21. Qxf7 bxa5 22. Be5 Bf8 23. Qxa7 Qg5 24. Qxa5 e3 25. f4 Qg6 26. Qa6 h5 27. Qxc8 1-0


[Site "https://www.chess.com"]

[Event "Titled Tuesday Blitz August 08 Early 2023"]
[White "Aung Thant Zin"]
[Black "TrompeterImEther"]
[WhiteFideId "13000063"]
[WhiteElo "2159"]
[BlackElo "2449"]
[Result "0-1"]
[Round "2"]
[TimeControl "180+1"]
[Date "2023.08.08"]
[WhiteClock "0:00:27"]
[BlackClock "0:00:03"]
[Board "253"]

1. e4 e5 2. Nf3 Nc6 3. d4 exd4 4. Nxd4 Nf6 5. Nc3 Bb4 6. Nxc6 bxc6 7. Bd3 d5 8. exd5 cxd5 9. O-O O-O 10. Bg5 c6 11. h3 h6 12. Bh4 Bd6 13. Ne2 Rb8 14. b3 Be5 15. Rb1 Qb6 16. Bg3 Bxg3 17. Nxg3 c5 18. Nh5 Bb7 19. Nxf6+ Qxf6 20. Qg4 Bc6 21. Rbe1 Rfe8 22. Qg3 Rxe1 23. Qxb8+ Re8 24. Qg3 g6 25. a4 Kg7 26. Bb5 Bxb5 27. axb5 Qb6 28. Ra1 Re7 29. Qc3+ d4 30. Qa5 Qf6 31. Re1 Rxe1+ 32. Qxe1 Qb6 33. Qe2 h5 34. Qc4 Qd6 35. Qe2 f6 36. g3 Kh6 37. Qd2+ g5 38. Qd3 Qe5 39. Qf3 Qe1+ 40. Kg2 Qe7 41. Qf5 Kg7 42. Qd5 Kg6 43. Kf3 f5 44. Qc6+ Kg7 45. Kg2 g4 46. h4 Qe4+ 47. Kg1 Qxc2 48. Qd7+ Kf6 49. Qd6+ Kf7 50. Qd7+ Kf6 51. Qd8+ Ke5 52. Qe7+ Kd5 53. Qf7+ Ke4 54. Qe6+ Kf3 55. Qxf5+ Qxf5 56. Kh2 Kxf2 57. Kh1 Qf3+ 58. Kh2 Qg2# 0-1


[Site "https://www.chess.com"]

[Event "Titled Tuesday Blitz August 08 Early 2023"]
[White "Pumpkin_in_moonlight"]
[Black "Korkmaz, Necmettin"]
[BlackFideId "6303285"]
[WhiteElo "2154"]
[BlackElo "2449"]
[Result "0-1"]
[Round "2"]
[TimeControl "180+1"]
[Date "2023.08.08"]
[WhiteClock "0:00:00"]
[BlackClock "0:00:52"]
[Board "254"]

1. e4 e5 2. Nf3 Nc6 3. Bb5 a6 4. Ba4 Nf6 5. O-O Nxe4 6. d4 b5 7. Bb3 d5 8. dxe5 Be6 9. c3 Bc5 10. Nbd2 O-O 11. Bc2 f5 12. Nb3 Bb6 13. Nfd4 Nxd4 14. Nxd4 Qd7 15. f3 Nc5 16. Kh1 Rae8 17. Bf4 Nb7 18. b4 Nd8 19. a4 h6 20. axb5 axb5 21. Bd3 c6 22. Ra6 Qb7 23. Qa1 g5 24. Bd2 Rf7 25. Ra8 Bc8 26. Ra3 Kg7 27. Re1 Be6 28. Qb1 Ref8 29. Ra1 Bxd4 30. cxd4 Bc8 31. Bc3 Ne6 32. Bc2 Qb6 33. Qb2 Nf4 34. g3 Ng6 35. Rad1 Be6 36. Qb1 Ne7 37. Bb2 f4 38. Qc1 fxg3 39. hxg3 Nf5 40. Kg2 Ne7 41. Rf1 Bf5 42. Bxf5 Nxf5 43. Qd2 Qd8 44. e6 Rf6 45. Rde1 Qe7 46. Qd3 Rg6 47. Bc1 h5 48. Re2 h4 49. g4 Ng3 50. Rfe1 Nxe2 51. Rxe2 Rxe6 52. Rxe6 Qxe6 53. Bxg5 Qe1 0-1


[Site "https://www.chess.com"]

[Event "Titled Tuesday Blitz August 08 Early 2023"]
[White "Floresvillar Gonzalez, Luis Migu"]
[Black "Rakhimgaliyev, Yerlan"]
[WhiteFideId "5100542"]
[BlackFideId "13705148"]
[WhiteElo "2153"]
[BlackElo "2446"]
[Result "0-1"]
[Round "2"]
[TimeControl "180+1"]
[Date "2023.08.08"]
[WhiteClock "0:00:00"]
[BlackClock "0:01:00"]
[Board "255"]

1. d4 Nf6 2. c3 c5 3. Nf3 b6 4. Bg5 Bb7 5. e3 Ne4 6. Bf4 d6 7. Nbd2 Nd7 8. Bd3 Nxd2 9. Qxd2 h5 10. h3 e6 11. Qe2 Be7 12. O-O g5 13. Bh2 g4 14. hxg4 hxg4 15. Nd2 Nf6 16. e4 Nh5 17. Bb5+ Kf8 18. Qxg4 Nf6 19. Qe2 a6 20. Bd3 Rg8 21. f3 Nh5 22. e5 Bg5 23. exd6 Nf4 24. Bxf4 Bxf4 25. Be4 Qh4 26. g4 Rh8 27. Bxb7 Bh2+ 28. Kg2 Qg3+ 29. Kh1 Bg1+ 0-1


[Site "https://www.chess.com"]

[Event "Titled Tuesday Blitz August 08 Early 2023"]
[White "Kassimov, Baurzhan"]
[Black "Kuchava, Ana"]
[WhiteFideId "13704800"]
[BlackFideId "13605348"]
[WhiteElo "2445"]
[BlackElo "2151"]
[Result "1-0"]
[Round "2"]
[TimeControl "180+1"]
[Date "2023.08.08"]
[WhiteClock "0:00:13"]
[BlackClock "0:00:00"]
[Board "256"]

1. c4 e6 2. Nf3 d5 3. g3 Nf6 4. Bg2 d4 5. O-O c5 6. b4 cxb4 7. a3 b3 8. Qxb3 Nc6 9. e3 dxe3 10. fxe3 Be7 11. d4 O-O 12. Nbd2 Qc7 13. Bb2 b6 14. Rac1 Bb7 15. e4 e5 16. d5 Bc5+ 17. Kh1 Nd4 18. Qd3 Nxf3 19. Nxf3 Ng4 20. Qe2 f6 21. Ng5 fxg5 22. Qxg4 Qe7 23. Rf5 Bc8 24. Rxf8+ Kxf8 25. Rf1+ Kg8 26. Qh5 Bd7 27. Bh3 Bxh3 28. Qxh3 h6 29. Qf5 Bxa3 30. Bxa3 Qxa3 31. Qxe5 a5 32. d6 Qc5 33. Qxc5 bxc5 34. e5 a4 35. e6 a3 36. d7 a2 37. e7 a1=Q 38. Rxa1 Rxa1+ 39. Kg2 Kf7 40. e8=Q+ 1-0


[Site "https://www.chess.com"]

[Event "Titled Tuesday Blitz August 08 Early 2023"]
[White "Mrudul Dehankar"]
[Black "Butti, Enrique"]
[WhiteFideId "25096990"]
[BlackFideId "3700470"]
[WhiteElo "2445"]
[BlackElo "2151"]
[Result "1-0"]
[Round "2"]
[TimeControl "180+1"]
[Date "2023.08.08"]
[WhiteClock "0:00:02"]
[BlackClock "0:00:17"]
[Board "257"]

1. e4 c5 2. Nf3 d6 3. d4 cxd4 4. Nxd4 Nf6 5. Nc3 a6 6. Bg5 e6 7. f4 b5 8. e5 dxe5 9. fxe5 Qc7 10. exf6 Qe5+ 11. Be2 Qxg5 12. O-O Ra7 13. Qd3 Rd7 14. Ne4 Qe5 15. Nf3 Qc7 16. Qe3 Bb7 17. Nfg5 h6 18. fxg7 Bxg7 19. Nxe6 fxe6 20. Nf6+ Ke7 21. Nxd7 Nxd7 22. Rad1 Nf6 23. Qa3+ Kf7 24. Bh5+ Kg8 25. Bg6 h5 26. Qe3 e5 27. Qb3+ Kf8 28. Qe6 Bc6 29. Rd6 Qe7 30. Rxc6 Qxe6 31. Rxe6 Rh6 32. Re8# 1-0


[Site "https://www.chess.com"]

[Event "Titled Tuesday Blitz August 08 Early 2023"]
[White "Sailer, Mike"]
[Black "Kazakov, Mikhail"]
[WhiteFideId "2012901"]
[BlackFideId "14102749"]
[WhiteElo "2149"]
[BlackElo "2444"]
[Result "0-1"]
[Round "2"]
[TimeControl "180+1"]
[Date "2023.08.08"]
[WhiteClock "0:00:01"]
[BlackClock "0:00:06"]
[Board "258"]

1. e4 c5 2. d4 cxd4 3. Qxd4 Nc6 4. Qd3 d6 5. Nc3 g6 6. Nf3 Bg7 7. h3 Nf6 8. Bg5 O-O 9. Be2 b6 10. O-O Bb7 11. a3 a6 12. Rfe1 Rc8 13. Rad1 Na5 14. Qe3 Nc4 15. Bxc4 Rxc4 16. e5 Ne4 17. Nxe4 Rxe4 18. Qxe4 Bxe4 19. Rxe4 d5 20. Red4 Qc7 21. Rxd5 h6 22. Bf4 Qxc2 23. R1d2 Qf5 24. Bg3 Rc8 25. Rd8+ Rxd8 26. Rxd8+ Kh7 27. Rd2 Qb1+ 28. Kh2 Qc1 29. Re2 Qc4 30. Rd2 b5 31. Bh4 g5 32. Bg3 a5 33. Nd4 e6 34. Nf3 b4 35. axb4 axb4 36. Ne1 Qe4 37. Nf3 Kg6 38. Rd4 Qb7 39. Rc4 b3 40. Nd4 Qd5 41. Ra4 Bxe5 42. Bxe5 Qxe5+ 43. g3 Qd5 44. Rb4 Qe4 45. Nc6 Qxc6 46. Rxb3 Qc2 47. Rb7 Qxf2+ 48. Kh1 Qf3+ 49. Kh2 Qxb7 0-1


[Site "https://www.chess.com"]

[Event "Titled Tuesday Blitz August 08 Early 2023"]
[White "Feliz Dotel, Dewar Bienvenido"]
[Black "Novikov, Evgenij"]
[WhiteFideId "6402801"]
[BlackFideId "4125380"]
[WhiteElo "2144"]
[BlackElo "2443"]
[Result "0-1"]
[Round "2"]
[TimeControl "180+1"]
[Date "2023.08.08"]
[WhiteClock "0:00:00"]
[BlackClock "0:00:03"]
[Board "259"]

1. d4 Nf6 2. e3 g6 3. Nf3 Bg7 4. Be2 O-O 5. b4 a5 6. b5 c5 7. a4 b6 8. Bb2 Bb7 9. dxc5 bxc5 10. c4 d6 11. O-O Nbd7 12. Nc3 Nb6 13. Qc2 Qc7 14. Rfd1 Rfd8 15. Qb3 e6 16. Rd2 Rd7 17. Rad1 Rad8 18. Ne1 Ne8 19. Bf3 Bxf3 20. Nxf3 h6 21. Ne4 Bxb2 22. Rxb2 f5 23. Nc3 Nf6 24. Rbd2 Kg7 25. h3 e5 26. Ne2 Ne4 27. Rc2 Kf6 28. Nc3 Qb7 29. Nxe4+ Qxe4 30. Nd2 Qb7 31. Nb1 g5 32. Nc3 Kg6 33. Nd5 Nxd5 34. Rxd5 Kf6 35. Rcd2 Ke6 36. Qc3 Qb6 37. Qd3 Qb7 38. Qe2 Rh7 39. Qh5 Qf7 40. Qe2 Qe7 41. Rd1 Rd7 42. Qd2 h5 43. Qxa5 g4 44. Qd2 gxh3 45. gxh3 Rg7+ 46. Kh2 Qg5 0-1


[Site "https://www.chess.com"]

[Event "Titled Tuesday Blitz August 08 Early 2023"]
[White "Karas, Marek"]
[Black "Putri, Regita Desyari"]
[WhiteFideId "14928558"]
[BlackFideId "7109083"]
[WhiteElo "2442"]
[BlackElo "2144"]
[Result "1-0"]
[Round "2"]
[TimeControl "180+1"]
[Date "2023.08.08"]
[WhiteClock "0:00:22"]
[BlackClock "0:00:00"]
[Board "260"]

1. e4 e5 2. Nf3 Nc6 3. Nc3 Nf6 4. d4 exd4 5. Nxd4 Bb4 6. Nxc6 bxc6 7. Bd3 d5 8. exd5 cxd5 9. O-O c6 10. Bg5 O-O 11. h3 Bd6 12. Qf3 Be5 13. Rfe1 Qd6 14. Rad1 h6 15. Bc1 Bd7 16. Ne2 Qc7 17. Bf4 Bxf4 18. Nxf4 Rfe8 19. c3 Qb7 20. b4 a5 21. a3 axb4 22. axb4 Qb6 23. Ne2 c5 24. bxc5 Qxc5 25. Nd4 Rxe1+ 26. Rxe1 Re8 27. Rd1 Ne4 28. Ne2 Bc6 29. Bxe4 dxe4 30. Qe3 Qxe3 31. fxe3 Bb5 32. Nd4 Bd3 33. Rc1 Rc8 34. Kf2 Kf8 35. Ke1 Ke7 36. Kd2 g6 37. Ra1 Kf6 38. Ra7 Kg7 39. Ne6+ Kf6 40. Nf4 Rd8 41. Ke1 Bc2 42. Ra2 Bb3 43. Rb2 1-0


[Site "https://www.chess.com"]

[Event "Titled Tuesday Blitz August 08 Early 2023"]
[White "Novita, Anjas"]
[Black "Kirillov, Dmitry"]
[WhiteFideId "7100949"]
[BlackFideId "34180572"]
[WhiteElo "2112"]
[BlackElo "2440"]
[Result "0-1"]
[Round "2"]
[TimeControl "180+1"]
[Date "2023.08.08"]
[WhiteClock "0:00:00"]
[BlackClock "0:00:13"]
[Board "261"]

1. e4 c6 2. d4 d5 3. e5 c5 4. dxc5 Nc6 5. a3 e6 6. b4 a5 7. c3 axb4 8. cxb4 Nxb4 9. axb4 Rxa1 10. Bb2 Ra8 11. Nf3 Ne7 12. Bd3 Bd7 13. O-O h6 14. Nd4 Nc6 15. Nxc6 bxc6 16. f4 Rb8 17. Bc3 g6 18. Qg4 h5 19. Qh3 Be7 20. Nd2 Bc8 21. Nf3 Kf8 22. Ng5 Bxg5 23. fxg5 Qxg5 24. Qf3 Rh7 25. Bd4 Rxb4 26. Be3 Qg4 27. Qf2 h4 28. Ra1 Rb8 29. Ra7 Bb7 30. h3 Qh5 31. Qf6 Qh6 0-1


[Site "https://www.chess.com"]

[Event "Titled Tuesday Blitz August 08 Early 2023"]
[White "Harriott, Tyrell"]
[Black "Haukenfrers, Dale"]
[WhiteFideId "2086484"]
[BlackFideId "2603780"]
[WhiteElo "2440"]
[BlackElo "2108"]
[Result "1-0"]
[Round "2"]
[TimeControl "180+1"]
[Date "2023.08.08"]
[WhiteClock "0:00:15"]
[BlackClock "0:00:00"]
[Board "262"]

1. d4 d6 2. e3 c6 3. Bd3 Nf6 4. f4 h6 5. Nf3 g5 6. O-O gxf4 7. exf4 Rg8 8. f5 h5 9. Nh4 Rg4 10. Nf3 Nbd7 11. h3 Rg3 12. Kh2 Rg8 13. Bg5 Qb6 14. Qc1 c5 15. c3 Bg7 16. Na3 d5 17. Ne5 cxd4 18. Nf3 Ne4 19. cxd4 a6 20. Bf4 Ndf6 21. Bc7 Qc6 22. Ne5 Qxc1 23. Raxc1 Bh6 24. Rc2 Be3 25. Bb6 Bd7 26. Nxd7 Kxd7 27. Rc7+ Ke8 28. Rxb7 Rc8 29. Bxa6 h4 30. Bb5+ Kf8 31. Bc5 Nxc5 32. dxc5 Bxc5 33. Nb1 Bd6+ 34. Kg1 Ne4 35. Nc3 Bc5+ 36. Kh2 Bd6+ 37. Kg1 Nxc3 38. bxc3 Rg3 39. f6 e5 40. Rf3 Rxc3 41. Rd7 Bc5+ 42. Kh2 Kg8 43. Rxc3 Rxc3 44. Rxd5 Bf2 45. g4 Bg3+ 46. Kg2 Rc2+ 47. Kf3 Rf2+ 48. Ke4 Rxf6 49. a4 Rf4+ 50. Kxe5 Rxa4+ 51. Kf5 Rf4+ 52. Kg5 Kg7 53. Rd7 1-0


[Site "https://www.chess.com"]

[Event "Titled Tuesday Blitz August 08 Early 2023"]
[White "Novikova, Margarita"]
[Black "Vedder, Richard"]
[WhiteFideId "14109689"]
[BlackFideId "1004166"]
[WhiteElo "2105"]
[BlackElo "2438"]
[Result "1-0"]
[Round "2"]
[TimeControl "180+1"]
[Date "2023.08.08"]
[WhiteClock "0:00:49"]
[BlackClock "0:01:55"]
[Board "263"]

1. d4 d5 2. Bf4 c5 3. c3 Nc6 4. e3 cxd4 5. exd4 f6 6. Nf3 g5 7. Bg3 Bf5 8. Bd3 Nh6 9. Qc2 Qd7 10. Nbd2 Rc8 11. Bxf5 Nxf5 12. Qd3 h5 13. Nb3 e6 14. h4 g4 15. Nfd2 Bh6 16. Nc5 Qe7 17. O-O b6 18. Nxe6 Qxe6 19. Rfe1 Qxe1+ 20. Rxe1+ Nfe7 21. Qg6+ Kd7 22. Qxf6 Bxd2 23. Qd6+ Ke8 24. Re2 Bh6 25. Qxd5 Bg7 26. Bd6 Bf6 27. Qe6 Bxh4 28. Qxc8+ 1-0


[Site "https://www.chess.com"]

[Event "Titled Tuesday Blitz August 08 Early 2023"]
[White "Sliwicki, Damian"]
[Black "Hartikainen, Jarmo"]
[WhiteFideId "1127128"]
[BlackFideId "503134"]
[WhiteElo "2432"]
[BlackElo "2089"]
[Result "1-0"]
[Round "2"]
[TimeControl "180+1"]
[Date "2023.08.08"]
[WhiteClock "0:01:53"]
[BlackClock "0:00:59"]
[Board "264"]

1. e4 c5 2. Nf3 Nc6 3. c4 e6 4. d4 cxd4 5. Nxd4 Nf6 6. Nc3 Bb4 7. Qd3 a6 8. Bd2 Qc7 9. Be2 Ne5 10. Qg3 O-O 11. Bh6 g6 12. O-O Bxc3 13. bxc3 Nxe4 14. Qf4 f5 15. Bxf8 Kxf8 16. Rfe1 d6 17. Bf1 Nxc3 18. Rac1 Ne4 19. Rxe4 Qf7 20. Qh6+ Kg8 21. Rh4 Ng4 22. Qg5 h6 23. Rxh6 Nxh6 24. Qxh6 e5 25. Nf3 Be6 26. Ng5 Qe7 27. Qxg6+ 1-0


[Site "https://www.chess.com"]

[Event "Titled Tuesday Blitz August 08 Early 2023"]
[White "Lakshmi C"]
[Black "Devaev, Alexander"]
[WhiteFideId "25035347"]
[BlackFideId "4169395"]
[WhiteElo "2087"]
[BlackElo "2430"]
[Result "0-1"]
[Round "2"]
[TimeControl "180+1"]
[Date "2023.08.08"]
[WhiteClock "0:00:00"]
[BlackClock "0:00:08"]
[Board "265"]

1. e4 c6 2. Nc3 d5 3. Nf3 Nf6 4. exd5 cxd5 5. d4 Nc6 6. Bb5 Bg4 7. O-O e6 8. Be3 Rc8 9. Be2 Bd6 10. Bg5 O-O 11. Nb5 Bb8 12. Bh4 a6 13. Na3 Bd6 14. Nb1 Qb6 15. Bxf6 gxf6 16. Nbd2 Bxf3 17. Nxf3 Qxb2 18. Rb1 Qxa2 19. Rxb7 Nb4 20. Rb6 Rc6 21. Rxc6 Nxc6 22. c3 Rb8 23. Qd3 a5 24. Qa6 Bf8 25. Bb5 Ne7 26. c4 dxc4 27. Bxc4 Qa3 28. Nd2 f5 0-1


[Site "https://www.chess.com"]

[Event "Titled Tuesday Blitz August 08 Early 2023"]
[White "Namitbir Singh Walia"]
[Black "Kriti Mayur Patel"]
[WhiteFideId "35071068"]
[BlackFideId "35061780"]
[WhiteElo "2430"]
[BlackElo "2073"]
[Result "1-0"]
[Round "2"]
[TimeControl "180+1"]
[Date "2023.08.08"]
[WhiteClock "0:01:12"]
[BlackClock "0:00:41"]
[Board "266"]

1. e4 e5 2. Nf3 Nc6 3. Nc3 Nf6 4. Bc4 Nxe4 5. O-O Nxc3 6. dxc3 Be7 7. Qd5 O-O 8. Nxe5 Nxe5 9. Qxe5 Bf6 10. Qh5 c6 11. Bf4 d5 12. Bd3 g6 13. Qf3 Bg7 14. Rae1 Be6 15. Be5 Qb6 16. b4 a5 17. a3 axb4 18. axb4 Ra3 19. Bxg7 Kxg7 20. Qf4 Kg8 21. h4 h5 22. Qh6 Bg4 23. Bxg6 c5 24. Qh7# 1-0


[Site "https://www.chess.com"]

[Event "Titled Tuesday Blitz August 08 Early 2023"]
[White "Ladan, Nicholas"]
[Black "Seifert, Henryk"]
[WhiteFideId "30918855"]
[BlackFideId "1100963"]
[WhiteElo "2426"]
[BlackElo "2071"]
[Result "1-0"]
[Round "2"]
[TimeControl "180+1"]
[Date "2023.08.08"]
[WhiteClock "0:01:54"]
[BlackClock "0:00:00"]
[Board "267"]

1. d4 d5 2. Nf3 c6 3. Bf4 Bf5 4. e3 e6 5. Nbd2 Nf6 6. Bd3 Bg6 7. Qe2 Bd6 8. Ne5 Bxd3 9. Nxd3 Bxf4 10. exf4 O-O 11. h4 Nfd7 12. h5 b6 13. h6 g6 14. Ne5 f6 15. Nxc6 Nxc6 16. Qxe6+ Rf7 17. Qxc6 Re7+ 18. Kf1 Nf8 19. c3 Rc8 20. Qa4 Qd6 21. g3 Qe6 22. Kg2 g5 23. Rae1 Qf7 24. fxg5 fxg5 25. Qd1 Ng6 26. Qg4 Rf8 27. Nf3 Re4 28. Rxe4 Nf4+ 29. Rxf4 1-0


[Site "https://www.chess.com"]

[Event "Titled Tuesday Blitz August 08 Early 2023"]
[White "Maluco_do_Natal_00"]
[Black "Begunov, Konstantin"]
[BlackFideId "4118510"]
[WhiteElo "2067"]
[BlackElo "2425"]
[Result "0-1"]
[Round "2"]
[TimeControl "180+1"]
[Date "2023.08.08"]
[WhiteClock "0:00:37"]
[BlackClock "0:00:48"]
[Board "268"]

1. e4 c5 2. Nf3 d6 3. d4 cxd4 4. Nxd4 Nf6 5. Nc3 a6 6. Be3 Ng4 7. Bc1 Nc6 8. h3 Qb6 9. hxg4 Qxd4 10. Be2 Qxd1+ 11. Bxd1 Ne5 12. f3 Be6 13. Be2 Rc8 14. Bd2 g6 15. O-O-O Bg7 16. g5 Bc4 17. f4 Bxe2 18. Nxe2 Nd3+ 19. Kb1 Nf2 20. Ng3 Nxd1 21. Rxd1 h5 22. Ne2 Kd7 23. Nc3 Bxc3 24. Bxc3 Rhd8 25. a4 Rc4 26. e5 Rxa4 27. exd6 exd6 28. g3 Re8 29. b3 Rae4 30. Kb2 Kc6 31. Ka3 Re3 32. Bb4 R8e6 33. Rg1 b6 34. c4 a5 35. Bd2 Rd3 36. Be1 Ree3 0-1


[Site "https://www.chess.com"]

[Event "Titled Tuesday Blitz August 08 Early 2023"]
[White "Mangialardo, Tiago Carvalho"]
[Black "Gutkin, Ilya"]
[WhiteFideId "2130718"]
[BlackFideId "16203470"]
[WhiteElo "2067"]
[BlackElo "2425"]
[Result "0-1"]
[Round "2"]
[TimeControl "180+1"]
[Date "2023.08.08"]
[WhiteClock "0:00:00"]
[BlackClock "0:00:09"]
[Board "269"]

1. e4 e5 2. Nf3 Nc6 3. Bb5 a6 4. Ba4 Nf6 5. O-O b5 6. Bb3 d6 7. c3 Be7 8. d4 O-O 9. h3 exd4 10. cxd4 Bb7 11. Re1 Na5 12. Bc2 c5 13. Bg5 Re8 14. Nbd2 h6 15. Bh4 Nc6 16. e5 dxe5 17. dxe5 Nd5 18. Bg3 Ndb4 19. Bb1 Nd4 20. Ne4 Nbc6 21. Nd6 Bxd6 22. exd6 Nxf3+ 23. gxf3 Rxe1+ 24. Qxe1 Nd4 25. Qe3 Nxf3+ 26. Kf1 Qf6 27. Bd3 Qxb2 28. Rb1 Qd4 29. Qe2 Bc6 30. Rd1 Re8 31. Qc2 Qf6 32. Bf5 Rd8 33. Bg4 Ne5 34. Bf5 Rxd6 0-1


[Site "https://www.chess.com"]

[Event "Titled Tuesday Blitz August 08 Early 2023"]
[White "a-z30"]
[Black "Chincholimath, Halsagar"]
[BlackFideId "5022487"]
[WhiteElo "2424"]
[BlackElo "2063"]
[Result "0-1"]
[Round "2"]
[TimeControl "180+1"]
[Date "2023.08.08"]
[WhiteClock "0:00:12"]
[BlackClock "0:00:13"]
[Board "270"]

1. d3 e5 2. Nf3 Nc6 3. g3 d5 4. Bg2 Nf6 5. O-O Be7 6. Bg5 O-O 7. Nc3 Be6 8. e4 Qd7 9. Bxf6 Bxf6 10. exd5 Bxd5 11. Nxd5 Qxd5 12. Re1 Qc5 13. Nd2 Be7 14. Bxc6 bxc6 15. Nc4 Bd6 16. Qh5 Rae8 17. Re4 f5 18. Re2 Qd4 19. Rae1 e4 20. Nxd6 cxd6 21. dxe4 fxe4 22. c3 Qb6 23. b3 d5 24. c4 Qd4 25. cxd5 cxd5 26. Rc2 Re5 27. Qd1 Qb6 28. Rce2 Ref5 29. Qd2 Kh8 30. Qe3 Qb4 31. Rd1 a5 32. Rd4 Qa3 33. Qd2 Qc5 34. Qd1 Rf3 35. Qd2 R3f5 36. Qd1 Qc6 37. Rc2 Qe6 38. Rc5 Qf6 39. Rcxd5 Rxf2 40. Rd8 Rf1+ 41. Qxf1 Qxf1# 0-1


[Site "https://www.chess.com"]